 Dungeon Crawl Stone Soup version 0.20.2-3-g29329e0561 (webtiles) character file.

59 Alfie the Covered (level 4, -1/40 HPs)
             Began as a Hill Orc Fighter on Dec 15, 2023.
             Slain by a gnoll
             ... wielding a +0 halberd
              (11 damage)
             ... on level 2 of the Dungeon.
             The game lasted 00:02:13 (775 turns).

Alfie the Covered (Hill Orc Fighter)                 Turns: 775, Time: 00:02:14

Health: -1/40      AC:  7    Str: 19    XL:     4   Next: 3%
Magic:  4/4        EV:  7    Int:  8    God:
Gold:   89         SH:  9    Dex: 10    Spells: 2/3 levels left

rFire    . . .     SeeInvis .   a - +0 rapier
rCold    . . .     Gourm    .   c - +0 shield
rNeg     . . .     Faith    .   b - +0 scale mail
rPois    .         Spirit   .   (no helmet)
rElec    .         Reflect  .   (no cloak)
rCorr    .         Harm     .   (no gloves)
MR       .....                  (no boots)
Stlth    ..........             (no amulet)
Regen    0.2/turn               (no ring)
MPRegen  0.1/turn               (no ring)

@: no status effects
A: no striking features
a: no special abilities


You were on level 2 of the Dungeon.
You were not hungry.

You visited 1 branch of the dungeon, and saw 2 of its levels.

You collected 89 gold pieces.

Inventory:

Hand Weapons
 a - a +0 rapier (weapon)
Armour
 b - a +0 scale mail (worn)
 c - a +0 shield (worn)
Jewellery
 l - an uncursed ring of positive energy {unknown}
Scrolls
 e - a scroll of remove curse {unknown}
 g - a scroll of immolation {unknown}
 h - a scroll of identify {unknown}
 n - a scroll of blinking {unknown}
Potions
 d - a potion of might
 j - a potion of brilliance {unknown}
 k - 2 potions of magic {unknown}
 o - 2 potions of curing {unknown}
 p - a potion of berserk rage {unknown}
Comestibles
 f - 2 bread rations
 i - 2 royal jellies
 m - a meat ration


   Skills:
 + Level 3.8 Fighting
 + Level 2.9 Short Blades
 + Level 4.0 Armour
 + Level 0.1 Dodging
 + Level 3.8 Shields


You had 2 spell levels left.
You knew the following spells:

 Your Spells              Type           Power        Failure   Level  Hunger
a - Animate Skeleton      Necr           N/A          99%         1    ##.....


Dungeon Overview and Level Annotations

Branches:
Dungeon (2/15)

Altars:


Message History

Found a ring mail.
Your shield prevents you from hitting the gnoll.
You block the gnoll's attack.
You closely miss the gnoll. You block the gnoll's attack. x2
You barely miss the gnoll.
The gnoll hits you but does no damage. x3
You hit the gnoll.
The gnoll is moderately wounded.
The gnoll hits you but does no damage. The gnoll barely misses you.
The gnoll closely misses you.
A gnoll comes into view. It is wielding a halberd.
You closely miss the gnoll.
The gnoll is moderately wounded.
The gnoll hits you but does no damage. You block the gnoll's attack.
The gnoll hits you from afar with a halberd.
The gnoll hits you from afar with an enchanted spear!
* * * LOW HITPOINT WARNING * * *
The gnoll hits you with a club.
* * * LOW HITPOINT WARNING * * *
The gnoll hits you with a halberd!
You die...

#.# #.. #.# +.. ..^ #..
#.. ..# #.# #.# . #.#
#.# ... #.# #.# ##
.....##@#########.#####.
[....ggg..(.............
...>..g.................
#####################<..
##############.
#.....†...# #.
#.....†...# #.
#:........#####
#..............


You could see 4 gnolls.

Vanquished Creatures
  Terence (D:2)
  An adder (D:2)
  A worm (D:2)
  A leopard gecko (D:1)
  A giant cockroach (D:1)
  5 goblins (D:1)
  2 kobolds (D:1)
  2 bats
  A frilled lizard (D:2)
  8 rats
23 creatures vanquished.

Notes
Turn   | Place    | Note
-------+----------+-------------------------------------------
     0 | D:1      | Alfie the Hill Orc Fighter began the quest for the Orb.
     0 | D:1      | Reached XP level 1. HP: 19/19 MP: 1/1
   175 | D:1      | Reached XP level 2. HP: 27/27 MP: 2/2
   575 | D:2      | Learned a level 1 spell: Animate Skeleton
   611 | D:2      | Noticed Terence
   640 | D:2      | Killed Terence
   640 | D:2      | Reached XP level 3. HP: 19/33 MP: 3/3
   694 | D:2      | Reached skill level 4 in Armour
   694 | D:2      | Reached XP level 4. HP: 20/40 MP: 4/4
   775 | D:2      | Slain by a gnoll

Skill      XL: |  1  2  3 |
---------------+----------+-----
Armour         | 4 |  4.0
Fighting       | |  3.8
Short Blades   | |  2.9
Dodging        | |  0.1
Shields        | |  3.8

Action                   |  1- 3 |  4- 6 || total
-------------------------+-------+-------++-------
Melee: Rapier            |    90 |    13 ||   103
Armor: Scale mail        |    40 |     7 ||    47
Dodge: Dodged            |    17 |     5 ||    22
Block: Shield            |    43 |     9 ||    52
